 Dungeon Crawl Stone Soup version 0.29.0-4-gdea44cf6ec (webtiles) character file.

Game seed: 13192802616135236694

35 qw the Chopper (level 3, -3/21 HPs)
             Began as a Tengu Warper on Aug 28, 2022.
             Slain by an ice beast (6 damage)
             ... on level 3 of the Dungeon.
             The game lasted 00:00:09 (1361 turns).

qw the Chopper (Tengu Warper)                       Turns: 1361, Time: 00:00:09

Health: -3/21      AC:  6    Str: 13    XL:     3   Next: 35%
Magic:  7/7        EV:  9    Int: 13    God:
Gold:   77         SH:  4    Dex: 13    Spells: 6/6 levels left

rFire   . . .      SeeInvis .   Y - +0 hand axe
rCold   . . .      Faith    .   d - +0 buckler
rNeg    . . .      Spirit   .   f - +0 scale mail
rPois   .          Reflect  .   (helmet restricted)
rElec   .          Harm     .   (no cloak)
rCorr   .          Rampage  .   (no gloves)
Will    .....                   (boots unavailable)
Stlth   ..........              (no amulet)
HPRegen 0.07/turn               (no ring)
MPRegen 0.10/turn               (no ring)

@: no status effects
A: beak, talons 3
a: no special abilities


You were on level 3 of the Dungeon.
You visited 1 branch of the dungeon, and saw 3 of its levels.

You collected 77 gold pieces.


Innate Abilities, Weirdness & Mutations

You have a beak for a mouth.
You have claws for feet.


   Skills:
 - Level 2.0 Fighting
 + Level 3.8 Axes
 - Level 1.0 Throwing
 - Level 1.1 Armour
 - Level 2.1 Dodging
 - Level 1.0 Shields
 - Level 2.0 Spellcasting
 - Level 2.4 Translocations


You had 6 spell levels left.
You didn't know any spells.
Your spell library contained the following spells:

 Spells                   Type           Power      Damage    Failure   Level
 Blink                    Tloc           14%        N/A       67%         2
 Gell's Gravitas          Tloc           7%         N/A       88%         3
 Lesser Beckoning         Tloc           7%         N/A       88%         3
 Teleport Other           Tloc           7%         N/A       88%         3
 Manifold Assault         Tloc           7%         N/A       100%        5

Inventory:

Hand Weapons
 h - a +0 club
 Y - a +0 hand axe (weapon)
Armour
 d - a +0 buckler (worn)
 f - a +0 scale mail (worn)
Scrolls
 a - a scroll of identify
 e - a scroll of teleportation
Potions
 c - a potion of curing {unknown}

Dungeon Overview and Level Annotations

Branches:
Dungeon (3/15)

Altars:
Wu Jian


Message History

You climb downwards.
You block the bat's attack.
There is a stone staircase leading up here.
The bat closely misses you.
You barely miss the bat. You claw the bat.
The bat is severely wounded.
The bat barely misses you. You block the bat's attack. The bat hits you.
You miss the bat.
The bat is severely wounded.
The bat misses you. The bat hits you but does no damage.
You hit the bat.
You kill the bat!
You start resting.
HP restored.
An endoplasm comes into view.
The endoplasm quivers.
The endoplasm moves out of view.
You barely miss the endoplasm. You peck the endoplasm.
The endoplasm is severely wounded.
The endoplasm freezes you.
You are frozen.
You barely miss the endoplasm. Your kick misses the endoplasm.
The endoplasm is severely wounded.
The endoplasm hits you but does no damage.
You hit the endoplasm.
You kill the endoplasm!
You start resting.
HP restored.
An ice beast comes into view.
You hit the ice beast but do no damage. The ice beast hits you.
The ice beast freezes you.
You barely miss the ice beast. Your kick misses the ice beast.
You peck the ice beast, but do no damage.
The ice beast barely misses you.
You hit the ice beast. Your kick misses the ice beast.
The ice beast is lightly wounded.
The ice beast hits you. The ice beast freezes you! The ice beast hits you.
The ice beast freezes you.
You die...

................
#....<........
##.....####..
#.###..### ## #
##...# ..
###.### .# #...#
.# ###.##Y#
#..@.# ##..##
...............
#..............
#.......###....
#.......# ####
........#
#.......#
#.......#


You could see an ice beast.

Vanquished Creatures
  A dart slug (D:1)
  5 endoplasms
  4 giant cockroaches
  A hobgoblin (D:2)
  A quokka (D:2)
  3 ball pythons
  4 bats
  A frilled lizard (D:2)
  3 kobolds
  9 rats
32 creatures vanquished.

Notes
Turn   | Place    | Note
-------+----------+-------------------------------------------
     0 | D:1      | qw the Tengu Warper began the quest for the Orb.
     0 | D:1      | Reached XP level 1. HP: 12/12 MP: 4/4
     0 | D:1      | 0 ||| qw: Version: 0.1-a-89-g26bdef1
     0 | D:1      | 0 ||| qw: Game counter: 1199
     0 | D:1      | 0 ||| qw: Always use a shield: true
     0 | D:1      | 0 ||| qw: God list: Okawaru
     0 | D:1      | 0 ||| qw: Allow faded altars: false
     0 | D:1      | 0 ||| qw: Do Orc after D:15 true
     0 | D:1      | 0 ||| qw: Do second Lair branch before Depths: true
     0 | D:1      | 0 ||| qw: Lair rune preference: random
     0 | D:1      | 0 ||| qw: Plans: Normal
     0 | D:1      | 0 ||| PLANNING D:1-11
   326 | D:1      | Found a faded altar of an unknown god.
   437 | D:1      | Reached skill level 3 in Axes
   437 | D:1      | Reached XP level 2. HP: 17/17 MP: 6/6
   676 | D:1      | 676 ||| UPGRADING to +0 buckler.
   681 | D:1      | 681 ||| UPGRADING to +0 scale mail.
   691 | D:1      | 691 ||| DROPPING +0 leather armour.
   692 | D:1      | 692 ||| READING 2 scrolls labelled FET NUIPENYS.
   693 | D:1      | 693 ||| READING scroll labelled SADDAZUING.
   698 | D:1      | 698 ||| DRINKING 2 dark potions.
   699 | D:1      | 699 ||| DRINKING 2 pink potions.
   700 | D:1      | 700 ||| DROPPING scroll of blinking.
   701 | D:1      | 701 ||| DROPPING potion of brilliance.
   702 | D:1      | 702 ||| DROPPING potion of invisibility.
   738 | D:2      | Found an ornate altar of the Wu Jian Council.
   903 | D:2      | Reached skill level 1 in Shields
  1030 | D:2      | Reached XP level 3. HP: 21/21 MP: 7/7
  1286 | D:2      | 1286 ||| READING scroll labelled DANEUMA JIUFOVA.
  1312 | D:3      | 1312 ||| STAIRDANCE
  1357 | D:3      | Noticed an ice beast
  1361 | D:3      | HP: 4/21 [ice beast (8)]
  1361 | D:3      | Slain by an ice beast

Levels and vault maps discovered:
D:1:      doesnt_arrival_eight_statues, layout_loops_ring,
          shapermc_ecumenical_altar_mp_highgroup
D:2:      minmay_alternating_diamond, layout_rooms, basic_altar
D:3:      layout_rooms, demons_altar, mainiacjoe_overflow_boulevard,
          gammafunk_ghost_gnarly_gnolls, uniq_terence

Skill      XL: |  1  2 |
---------------+-------+-----
Axes           | 3 |  3.8
Shields        | 1 |  1.0
Fighting       | |  2.0
Throwing       | |  1.0
Armour         | |  1.1
Dodging        | |  2.1
Spellcasting   | |  2.0
Translocations | |  2.4

Action                   || total
-------------------------++-------
Melee: Hand axe          ||    65
       Kick              ||    12
       Peck              ||    12
Throw: Boomerang         ||     7
  Use: Scroll            ||     3
       Potion            ||     2
 Stab: Sleeping          ||     1
Armor: Leather armour    ||     4
       Scale mail        ||    19
Dodge: Dodged            ||    35
Block: Buckler           ||     7

Table legend:
 A = Non-vault XP
 B = Vault XP
 C = Vault XP percentage of total XP
 D = Non-vault monster count
 E = Vault monster count
 F = Vault count percentage of total count
                 A         B        C        D         E       F
            +---------+---------+-------+---------+---------+-------
      Total |      42 |       9 |  17.6 |      26 |       6 |  18.8
            +---------+---------+-------+---------+---------+-------
        D:1 |      15 |       0 |   0.0 |       9 |       0 |   0.0
        D:2 |      23 |       9 |  28.1 |      15 |       6 |  28.6
        D:3 |       4 |       0 |   0.0 |       2 |       0 |   0.0
            +---------+---------+-------+---------+---------+-------
